 Dungeon Crawl Stone Soup version 0.29.1-2-gbd0b4ee654 (webtiles) character file.

Game seed: 18390629418064092040

65 MisterFreud the Covert (level 4, -3/41 HPs)
             Began as a Gnoll Delver on Nov 7, 2022.
             Slain by a hound (4 damage)
             ... on level 6 of the Dungeon.
             The game lasted 00:00:23 (138 turns).

MisterFreud the Covert (Gnoll Delver)                Turns: 138, Time: 00:00:23

Health: -3/41      AC:  3    Str: 12    XL:     4   Next: 13%
Magic:  5/5        EV: 13    Int: 11    God:
Gold:   0          SH:  0    Dex: 13    Spells: 5/5 levels left

rFire   . . .      SeeInvis .   a - +0 short sword
rCold   . . .      Faith    .   (no shield)
rNeg    . . .      Spirit   .   b - +0 leather armour
rPois   .          Reflect  .   (no helmet)
rElec   .          Harm     .   (no cloak)
rCorr   .          Rampage  .   (no gloves)
Will    .....                   (no boots)
Stlth   ++++......              (no amulet)
HPRegen 0.13/turn               (no ring)
MPRegen 0.09/turn               (no ring)

@: no status effects
A: fangs 1, strong nose, distributed training
a: no special abilities


You were on level 6 of the Dungeon.
You visited 1 branch of the dungeon, and saw 2 of its levels.

Inventory:

Hand Weapons
 a - a +0 short sword (weapon)
Armour
 b - a +0 leather armour (worn)
Wands
 g - a wand of digging (3)
Scrolls
 c - a scroll of fog
 d - a scroll of magic mapping
 e - a scroll of fear
Potions
 f - a potion of haste


   Skills:
 + Level 6.6 Fighting
 + Level 4.6 Short Blades
 + Level 1.1 Long Blades
 + Level 1.1 Axes
 + Level 1.1 Maces & Flails
 + Level 1.1 Polearms
 + Level 1.1 Staves
 + Level 1.1 Ranged Weapons
 + Level 1.1 Throwing
 + Level 1.1 Armour
 + Level 4.6 Dodging
 + Level 9.6 Stealth
 + Level 1.1 Shields
 + Level 1.1 Unarmed Combat
 + Level 1.1 Spellcasting
 + Level 0.8 Conjurations
 + Level 0.8 Hexes
 + Level 0.8 Summonings
 + Level 0.8 Necromancy
 + Level 0.8 Translocations
 + Level 0.8 Transmutations
 + Level 0.8 Fire Magic
 + Level 0.8 Ice Magic
 + Level 0.8 Air Magic
 + Level 0.8 Earth Magic
 + Level 0.8 Poison Magic
 + Level 1.2 Invocations
 + Level 1.1 Evocations


You had 5 spell levels left.
You didn't know any spells.
Your spell library was empty.

Dungeon Overview and Level Annotations

Branches:
Dungeon (6/15)
 Temple: D:4-7

Altars:


Innate Abilities, Weirdness & Mutations

You have very sharp teeth.
Your uncanny sense of smell can sniff out nearby items.
Your experience applies equally to all skills.


Message History

An ogre comes into view. It is wielding a +0 giant club.
The hound barely misses you. The hound misses you.
You miss the hound. The hound barely misses you.
You closely miss the hound. The hound misses you.
You closely miss the hound. The hound completely misses you.
The hound barely misses you. The hound attacks as you move away!
The hound completely misses you. The hound barely misses you.
The hound closely misses you. The hound barely misses you.
There is a stone staircase leading down here.
The hound misses you. The hound barely misses you.
You climb downwards.
The gnoll shouts! x4
Found a club.
There is a stone staircase leading up here.
You barely miss the hound. You punch the hound.
The hound is lightly wounded.
The gnoll bouda barks out a call to the hunt!
The gnolls pick up the pace!
The hound misses you.
The gnoll hits you from afar with a +0 spear!
The gnoll closely misses you. The gnoll hits you with a +0 spear!
The hound attacks as you move away! The hound misses you.
The gnoll attacks as you move away! The gnoll hits you with a +0 spear.
The gnoll hits you with a +0 flail. The hound misses you.
The gnoll hits you from afar with a +0 spear.
The hound attacks as you move away! The hound bites you.
* * * LOW HITPOINT WARNING * * *
The gnoll bouda attacks as you move away!
The gnoll bouda hits you with a +0 club.
* * * LOW HITPOINT WARNING * * *
The gnoll closely misses you. The gnoll attacks as you move away!
The gnoll barely misses you.
The gnoll bouda attacks as you move away!
The gnoll bouda hits you with a +0 club.
* * * LOW HITPOINT WARNING * * *
The hound barely misses you. The hound bites you.
You die...

# ### .##..
#... #.. #.#
#@#####
##hg...###
##ggg......#
##...g.......
#.<.....###..
#.......# #
#..)...##
#.....##
#....##


You could see a gnoll bouda, a hound and 4 gnolls.

Vanquished Creatures
  A scorpion (D:5)
1 creature vanquished.

Notes
Turn   | Place    | Note
-------+----------+-------------------------------------------
     0 | D:5      | Reached skill level 9 in Stealth
     0 | D:5      | MisterFreud the Gnoll Delver began the quest for the Orb.
     0 | D:5      | Reached XP level 1. HP: 23/23 MP: 1/1
    43 | D:5      | Noticed a scorpion
    48 | D:5      | Killed a scorpion
    49 | D:5      | Reached skill level 1 in Long Blades
    49 | D:5      | Reached skill level 1 in Axes
    49 | D:5      | Reached skill level 1 in Maces & Flails
    49 | D:5      | Reached skill level 1 in Polearms
    49 | D:5      | Reached skill level 1 in Staves
    49 | D:5      | Reached skill level 1 in Ranged Weapons
    49 | D:5      | Reached skill level 1 in Throwing
    49 | D:5      | Reached skill level 1 in Armour
    49 | D:5      | Reached skill level 1 in Shields
    49 | D:5      | Reached skill level 1 in Unarmed Combat
    49 | D:5      | Reached skill level 1 in Spellcasting
    49 | D:5      | Reached skill level 1 in Invocations
    49 | D:5      | Reached skill level 1 in Evocations
    49 | D:5      | Reached XP level 2. HP: 29/29 MP: 1/3
    49 | D:5      | Reached XP level 3. HP: 35/35 MP: 1/4
    49 | D:5      | Reached XP level 4. HP: 41/41 MP: 1/5
   121 | D:5      | Noticed an ogre
   138 | D:6      | HP: 1/41 [gnoll bouda/+0 club (5)]
   138 | D:6      | Slain by a hound

Illustrated notes

Levels and vault maps discovered:
D:5:      layout_loops_corners, uniq_ijyb
D:6:      layout_cave_pods, minmay_temple_entry_fiery, uniq_eustachio

Skill      XL: |  1 |
---------------+----+-----
Stealth        | |  9.6
Long Blades    | 1 |  1.1
Axes           | 1 |  1.1
Maces & Flails | 1 |  1.1
Polearms       | 1 |  1.1
Staves         | 1 |  1.1
Ranged Weapons | 1 |  1.1
Throwing       | 1 |  1.1
Armour         | 1 |  1.1
Shields        | 1 |  1.1
Unarmed Combat | 1 |  1.1
Spellcasting   | 1 |  1.1
Invocations    | 1 |  1.2
Evocations     | 1 |  1.1
Fighting       | |  6.6
Short Blades   | |  4.6
Dodging        | |  4.6
Conjurations   | |  0.8
Hexes          | |  0.8
Summonings     | |  0.8
Necromancy     | |  0.8
Translocations | |  0.8
Transmutations | |  0.8
Fire Magic     | |  0.8
Ice Magic      | |  0.8
Air Magic      | |  0.8
Earth Magic    | |  0.8
Poison Magic   | |  0.8

Action                   |  1- 3 |  4- 6 || total
-------------------------+-------+-------++-------
Melee: Short sword       |     1 |     4 ||     5
       Punch             |       |     1 ||     1
 Stab: Sleeping          |     1 |       ||     1
Dodge: Dodged            |       |    19 ||    19
